 Dungeon Crawl Stone Soup version 0.27.0-1-g7a089689b8 (webtiles) character file.

Game seed: 851149595461218282

29248 sanka the Nimble (level 13, -1/101 HPs)
             Began as a Djinni Air Elementalist on July 31, 2021.
             Was an Elder of Makhleb.
             Slain by a black mamba (5 damage)
             ... on level 3 of the Lair of Beasts.
             The game lasted 00:25:53 (24839 turns).

sanka the Nimble (Djinni Air Elementalist)         Turns: 24839, Time: 00:25:54

Health: -1/101     AC:  6    Str:  7    XL:     13   Next: 79%
Gold:   755        EV: 18    Int: 21    God:    Makhleb [****..] SH:  0 Dex: 15

rFire    + + .     SeeInvis +   i - staff of air
rCold    x . .     Faith    .   (no shield)
rNeg     . . .     Spirit   .   y - +0 steam dragon scales
rPois    ∞         Reflect  .   (no helmet)
rElec    +         Harm     .   (no cloak)
rCorr    .         Rampage  .   C - +0 pair of gloves
Will     +....                  (boots unavailable)
Stlth    ++........             k - amulet of the acrobat
HPRegen  0.26/turn              K - ring of wizardry
MPRegen  0.00/turn              j - ring of see invisible

@: marked, flying, studying Armour
A: sickness immunity, fire resistance 2, cold vulnerability 1, float, innate
caster, hp casting, extra vitality 1
a: Renounce Religion, Minor Destruction, Lesser Servant of Makhleb, Major
Destruction


You were on level 3 of the Lair of Beasts.
You worshipped Makhleb.
Makhleb was greatly pleased with you.
You visited 2 branches of the dungeon, and saw 15 of its levels.

You collected 835 gold pieces.
You spent 80 gold pieces at shops.


Innate Abilities, Weirdness & Mutations

You are immune to sickness and miasma.
You are immune to poison.
Your flesh is very heat resistant. (rF++)
You are vulnerable to cold. (rC-)
You float through the air rather than walking.
You learn spells naturally, not from books.
Your magical power is your life essence.
You have superior vitality. (+4 HP)


   Skills:
 + Level 12.1 Fighting
 + Level 12.2 Dodging
 - Level 1.5 Stealth
 - Level 12.0 Spellcasting


You had 8 spell levels left.
You knew the following spells:

 Your Spells              Type           Power      Damage    Failure   Level
c - Slow                  Hex            58%        N/A       1%          2
i - Summon Mana Viper     Hex/Summ       58%        N/A       1%          5
s - Swiftness             Air            76%        N/A       1%          3
u - Poisonous Vapours     Pois/Air       100%       N/A       1%          2
v - Gell's Gravitas       Tloc           29%        N/A       1%          3
x - Airstrike             Air            38%        N/A       1%          4
y - Pain                  Necr           100%       1d9       1%          1
z - Shock                 Conj/Air       100%       1d9       1%          1
G - Silence               Hex/Air        38%        N/A       1%          5
Z - Static Discharge      Conj/Air       76%        N/A       1%          2
Your spell library was empty.

Inventory:

Hand Weapons
 p - a +0 trident
 r - a +0 halberd
 w - a +2 war axe of pain
 B - the +0 staff of Battle It enhances your conjuration magic. It summons a battlesphere in combat, with strength depending on Conjurations skill.
 F - a +5 falchion of freezing
 T - a +7 great sword of holy wrath
Missiles
 s - a throwing net {=f}
Armour
 y - +0 steam dragon scales (worn)
 C - a +0 pair of gloves (worn)
 G - +0 acid dragon scales
Magical Staves
 i - a staff of air (weapon)
 R - a staff of poison
Jewellery
 j - a ring of see invisible (right hand)
 k - an amulet of the acrobat (around neck)
 x - a ring of protection from fire
 A - an amulet of reflection
 K - a ring of wizardry (left hand)
Wands
 t - a wand of charming (21)
 v - a wand of iceblast (18)
 H - a wand of acid (19)
 L - a wand of flame (15)
 P - a wand of polymorph (9)
Scrolls
 a - a scroll of acquirement {unknown}
 d - a scroll of blinking
 e - 3 scrolls of fear
 h - 4 scrolls of teleportation {@r4}
 m - a scroll of vulnerability {!r}
 u - a scroll of amnesia
 D - a scroll of enchant armour {unknown}
 E - a scroll of enchant weapon
 J - 2 scrolls of fog
 O - a scroll of brand weapon {unknown}
Potions
 b - 3 potions of attraction {unknown}
 c - a potion of invisibility {unknown}
 f - 2 potions of heal wounds {@q2}
 g - 3 potions of curing {@q1}
 l - 2 potions of flight {unknown}
 n - 2 potions of resistance {unknown}
 q - 2 potions of cancellation {unknown}
 z - 6 potions of might {unknown}
 I - a potion of degeneration {unknown}
 M - a potion of haste {unknown}
 Q - 3 potions of brilliance {unknown}
 S - a potion of magic {unknown}

Dungeon Overview and Level Annotations

Branches:
Dungeon (11/15)            Temple (0/1) D:6            Lair (4/6) D:10
  Swamp (0/4) Lair:2        Snake (0/4) Lair:4
    Orc: D:9-12

Altars:
Cheibriados
Elyvilon
Gozag
Hepliaklqana
Kikubaaqudgha
Makhleb
Nemelex Xobeh
Sif Muna
Trog
Uskayaw
Xom
Yredelemnul
Zin

Shops:
D:1 ! D:10

:
P▒▒▒▒P...▒..............▒.▒.▒▒▒▒.
.▒..................<....▒▒▒▒▒▒..
..........................▒▒...8.
.....▒.▒▒P......≈.≈≈.....▒▒...▒..
▒▒▒P▒▒▒▒▒▒▒.....≈≈≈≈≈≈...▒▒..▒▒▒.
▒▒▒ ▒▒....≈≈≈≈≈≈......▒▒ ▒▒
▒▒.▒..≈≈≈≈≈.....f▒
▒▒▒...≈≈≈≈≈≈...▒▒▒
▒▒▒.▒..R.≈≈≈≈≈...▒▒▒
▒▒▒▒▒▒f.▒▒..SS≈≈≈≈≈.....▒
▒▒............≈≈≈≈≈≈....▒▒
▒.............≈≈≈≈≈.▒▒..▒ ▒
▒▒▒▒....▒▒▒▒..........▒▒▒..▒ ▒▒▒
........▒ ▒▒......▒.▒▒▒▒..▒▒▒▒.f
........▒ ▒▒...▒▒▒▒▒▒..........
.......▒▒ ▒.....▒▒...........▒
.......▒ ▒....▒.▒............


You could see a black mamba and a water moccasin.


Message History

The black mamba bites you.
* * * LOW HITPOINT WARNING * * *
There is a stone staircase leading up here.
The black mamba bites you.
* * * LOW HITPOINT WARNING * * *
The black mamba misses you.
The water moccasin bites the plant!
The plant begins to die.
The plant is poisoned.
The water moccasin poisons the plant!
The water moccasin bites you.
* * * LOW HITPOINT WARNING * * *
You fly upwards.
There is a stone staircase leading down here.
The air twists around and strikes the black mamba!
The black mamba is moderately wounded.
* * * LOW HITPOINT WARNING * * *
The black mamba misses you. The water moccasin misses you.
The black mamba bites you!
* * * LOW HITPOINT WARNING * * *
Unknown command.
The air twists around and strikes the black mamba!
The black mamba is severely wounded.
* * * LOW HITPOINT WARNING * * *
The black mamba bites you.
* * * LOW HITPOINT WARNING * * *
The water moccasin barely misses you. The black mamba bites you.
You die...

Action                   |  1- 3 |  4- 6 |  7- 9 | 10-12 | 13-15 || total
-------------------------+-------+-------+-------+-------+-------++-------
Melee: Halberd           |       |       |     4 |       |       ||     4
 Cast: Shock             |    72 |   135 |    42 |     1 |       ||   250
       Poisonous Vapours |       |       |     7 |       |       ||     7
       Airstrike         |       |       |    85 |   315 |   155 ||   555
       Summon Mana Viper |       |       |       |       |     5 ||     5
  Use: Scroll            |       |       |     4 |     2 |     6 ||    12
       Potion            |       |       |     1 |       |     1 ||     2
Armor: Robe              |       |     3 |     5 |       |       ||     8
       Steam dragon scal |       |       |       |    14 |     2 ||    16
Dodge: Dodged            |     7 |    18 |    52 |   100 |    54 ||   231

Levels and vault maps discovered:
D:1:      heliophobic_arrival_henge, layout_basic, serial_shops,
          nicolae_shop_behind_doors
D:2:      layout_basic, basic_ecumenical_altar, basic_altar, minmay_heptomino_h4
D:3:      layout_rooms
D:4:      layout_loops_corners, nicolae_gozag_seed_capital, elyvilon_altar_1,
          minitemple
D:5:      layout_basic
D:6:      layout_rooms, minmay_temple_entry_sparse_star, gammafunk_ghost_grave,
          lightli_orcish_oven, uniq_grinder, uniq_menkaure
D:7:      layout_basic, minmay_checkerbox
D:8:      layout_gridville, hellmonk_guarded_unrand_staff_of_battle, uniq_grum
D:9:      layout_loops_corners, nicolae_overflow_crystal_walls,
          kennysheep_mini_moat, enter_bailey_3
D:10:     layout_loops_ring, nicolae_hepliaklqana_hippocampus,
          david_lair_shrubbed, gammafunk_ghost_spectres, serial_shops,
          nicolae_square_shop, uniq_josephine
D:11:     layout_basic
Lair:1:   layout_cave_pods, minmay_shattered_shrine
Lair:2:   layout_cave_pods, swamp_mist
Lair:3:   layout_layer_cave, grunt_megastairs_1, infiniplex_staircase_pool,
          uniq_rupert
Lair:4:   layout_cellular_growth, minmay_snake_entry_six_corridors,
          gauntlet_entry_generic, chequers_serial_rivers_small_3,
          kennysheep_rathole

Notes
Turn   | Place    | Note
-------+----------+-------------------------------------------
     0 | D:1      | sanka the Djinni Air Elementalist began the quest for the
                  | Orb.
     0 | D:1      | Reached XP level 1. HP: 15/15 MP: 0/0
   156 | D:1      | Reached XP level 2. HP: 10/21 MP: 0/0
   582 | D:1      | Reached skill level 3 in Spellcasting
  1045 | D:1      | Reached XP level 3. HP: 20/25 MP: 0/0
  1045 | D:1      | Learned a level 1 spell: Pain
  1406 | D:1      | Found Giacy's Distillery.
  1715 | D:1      | Bought a potion of heal wounds for 50 gold pieces
  1715 | D:1      | Bought a potion of curing for 30 gold pieces
  2044 | D:2      | Found a basalt altar of Yredelemnul.
  2322 | D:2      | Reached XP level 4. HP: 26/31 MP: 0/0
  2826 | D:2      | Found a faded altar of an unknown god.
  3020 | D:2      | Reached skill level 4 in Spellcasting
  3757 | D:4      | Found an opulent altar of Gozag.
  3789 | D:4      | Reached XP level 5. HP: 34/35 MP: 0/0
  3789 | D:4      | Learned a level 2 spell: Slow
  4090 | D:4      | You are sucked into a shaft and drop 2 floors!
  4095 | D:5      | Entered Level 5 of the Dungeon
  4413 | D:4      | Found a white marble altar of Elyvilon.
  4421 | D:4      | Noticed a phantom
  4432 | D:4      | Killed a phantom
  4433 | D:4      | Reached skill level 5 in Spellcasting
  4433 | D:4      | Reached XP level 6. HP: 21/40 MP: 0/0
  4839 | D:4      | Found a shimmering altar of Xom.
  4841 | D:4      | Found a burning altar of Makhleb.
  4841 | D:4      | Found a hide-covered altar of Uskayaw.
  4841 | D:4      | Found a bloodstained altar of Trog.
  4842 | D:4      | Found a sparkling altar of Nemelex Xobeh.
  4849 | D:4      | Became a worshipper of Makhleb the Destroyer
  5881 | D:5      | Reached XP level 7. HP: 38/45 MP: 0/0
  5881 | D:5      | Learned a level 2 spell: Poisonous Vapours
  6277 | D:5      | Reached skill level 6 in Spellcasting
  7264 | D:6      | Reached XP level 8. HP: 46/50 MP: 0/0
  7469 | D:6      | Reached skill level 7 in Spellcasting
  7578 | D:6      | Noticed Grinder
  7581 | D:6      | Found a staircase to the Ecumenical Temple.
  7587 | D:6      | Killed Grinder
  7829 | D:6      | Reached skill level 8 in Spellcasting
  7924 | D:6      | Reached skill level 1 in Fighting
  7931 | D:6      | Reached skill level 3 in Dodging
  8187 | D:6      | Noticed Menkaure
  8189 | D:6      | Killed Menkaure
  8190 | D:6      | Reached skill level 2 in Fighting
  8190 | D:6      | Reached XP level 9. HP: 49/58 MP: 0/0
  8190 | D:6      | Learned a level 3 spell: Gell's Gravitas
  8625 | D:6      | Found a runed translucent door.
  8625 | D:6      | Noticed stickyfingers's ghost (weakling FoDe)
  8634 | D:6      | Killed stickyfingers's ghost
  8755 | D:7      | Reached skill level 4 in Dodging
  8878 | D:7      | Reached skill level 3 in Fighting
  9409 | D:7      | Reached skill level 4 in Fighting
  9409 | D:7      | Reached skill level 5 in Dodging
  9641 | D:7      | Reached skill level 5 in Fighting
  9641 | D:7      | Reached skill level 6 in Dodging
 10319 | D:8      | Reached * piety under Makhleb
 10527 | D:8      | Noticed a two-headed ogre
 10532 | D:8      | Killed a two-headed ogre
 10533 | D:8      | Reached skill level 6 in Fighting
 10533 | D:8      | Reached skill level 7 in Dodging
 10533 | D:8      | Reached XP level 10. HP: 51/73 MP: 0/0
 10664 | D:8      | Found the +0 staff of Battle
 10674 | D:8      | Reached skill level 7 in Fighting
 10674 | D:8      | Reached skill level 8 in Dodging
 10865 | D:8      | Identified +0 steam dragon scales
 11035 | D:8      | Noticed Grum
 11038 | D:8      | Killed Grum
 11039 | D:8      | Reached skill level 8 in Fighting
 11797 | D:8      | HP: 2/76 [yak (2)]
 12216 | D:9      | Found a glowing silver altar of Zin.
 12379 | D:9      | Reached skill level 9 in Spellcasting
 12670 | D:8      | Reached XP level 11. HP: 52/81 MP: 0/0
 12670 | D:8      | Learned a level 5 spell: Silence
 12887 | D:9      | Noticed a two-headed ogre
 12891 | D:9      | Killed a two-headed ogre
 13052 | D:9      | Found a snail-covered altar of Cheibriados.
 13244 | D:9      | Reached skill level 10 in Spellcasting
 14087 | D:9      | Identified +0 acid dragon scales
 14281 | D:10     | Entered Level 10 of the Dungeon
 14362 | D:10     | Reached ** piety under Makhleb
 14421 | D:10     | Noticed a two-headed ogre
 14425 | D:10     | Killed a two-headed ogre
 14425 | D:10     | Noticed a seven-headed hydra
 14426 | D:10     | Reached skill level 9 in Dodging
 14455 | D:10     | Found Kuunehao's Book Boutique.
 14769 | D:10     | Noticed Josephine
 14776 | D:10     | Killed Josephine
 14777 | D:10     | Reached skill level 9 in Fighting
 14931 | D:10     | Killed a seven-headed hydra
 15412 | D:10     | Reached skill level 10 in Dodging
 15579 | D:10     | Found a staircase to the Lair.
 15615 | D:10     | Found a runed translucent gate.
 15618 | D:10     | Found a runed translucent gate.
 15621 | D:10     | Found a runed translucent gate.
 15624 | D:10     | Noticed Okhaekh's ghost (novice FoEE)
 15812 | D:10     | Found a hazy altar of Hepliaklqana.
 16023 | D:10     | Killed Okhaekh's ghost
 16024 | D:10     | Reached XP level 12. HP: 35/91 MP: 0/0
 16033 | D:9      | Reached skill level 10 in Fighting
 17788 | D:11     | Noticed a two-headed ogre
 17794 | D:11     | Killed a two-headed ogre
 17795 | D:11     | Reached skill level 11 in Dodging
 18144 | Lair:1   | Entered Level 1 of the Lair of Beasts
 18684 | D:10     | Reached skill level 11 in Fighting
 18888 | Lair:1   | Reached *** piety under Makhleb
 19347 | Lair:1   | Noticed a death yak
 20008 | Lair:1   | Killed a death yak
 20009 | Lair:1   | Reached skill level 12 in Dodging
 20134 | Lair:1   | Noticed a four-headed hydra
 20138 | Lair:1   | Killed a four-headed hydra
 20366 | Lair:1   | Reached skill level 12 in Fighting
 20370 | Lair:1   | Reached XP level 13. HP: 74/101 MP: 0/0
 20370 | Lair:1   | Learned a level 5 spell: Summon Mana Viper
 20803 | Lair:1   | Noticed a catoblepas
 20820 | Lair:1   | Killed a catoblepas
 21284 | Lair:1   | Identified the +1 spear of Qisabuu {antimagic, rN+ Str+5}
 21569 | Lair:2   | HP: 10/101 [elephant (12)]
 22090 | Lair:2   | Reached skill level 11 in Spellcasting
 22168 | Lair:2   | Found a staircase to the Swamp.
 23407 | Lair:3   | Noticed Rupert
 23418 | Lair:3   | Killed Rupert
 23937 | Lair:3   | Reached **** piety under Makhleb
 24708 | Lair:4   | Reached skill level 12 in Spellcasting
 24738 | Lair:4   | Found a staircase to the Snake Pit.
 24839 | Lair:3   | HP: 4/101 [black mamba (4)]
 24839 | Lair:3   | Slain by a black mamba

Vanquished Creatures
  Josephine (D:10)
  2 hydras
  The ghost of Okhaekh the Covert, a novice FoEE of Wu Jian (D:10)
  A catoblepas (Lair:1)
  4 two-headed ogres
  A death yak (Lair:1)
  A deep elf pyromancer (D:11)
  5 elephants
  3 black mambas
  4 cane toads
  An unseen horror (D:11)
  2 rime drakes
  2 tengu conjurers (D:8)
  7 komodo dragons
  Grinder (D:6)
  8 blink frogs
  A vampire (D:10)
  A shadow (D:11)
  8 wraiths
  25 yaks
  2 wyverns
  Grum (D:8)
  Menkaure (D:6)
  A steam dragon (D:8)
  An acid dragon (D:9)
  15 water moccasins
  2 orc warriors
  2 black bears
  An ogre (D:5)
  3 centaurs
  20 wolves
  2 phantoms
  A gnoll sergeant (D:7)
  9 bullfrogs
  3 scorpions
  4 killer bees (D:9)
  8 wights
  3 howler monkeys
  4 centaur zombies
  A jelly (D:8)
  2 orc priests
  A gnoll shaman (D:4)
  2 iguanas
  4 bullfrog skeletons
  8 orc wizards
  A howler monkey zombie (D:10)
  6 adders
  12 gnolls
  2 white imps
  2 ufetubi
  A worm (D:2)
  The ghost of stickyfingers the Sneak, a weakling FoDe (D:6)
  2 dart slugs
  18 orcs
  4 ball pythons
  6 bats
  5 endoplasms
  3 giant cockroaches
  3 hobgoblins
  17 jackals
  8 kobolds
  6 quokkas
  2 frilled lizards
  16 goblins
  6 rats
301 creatures vanquished.

Vanquished Creatures (collateral kills)
  Rupert (Lair:3)
  An elephant (Lair:4)
2 creatures vanquished.

Vanquished Creatures (others)
  16 fungi
  54 plants
70 creatures vanquished.

Grand Total: 373 creatures vanquished
